 Dungeon Crawl Stone Soup version 0.31-a0-210-gccc998df9b (webtiles) character file.

Game seed: 14653286230085347024

388 Anon1729 the Trooper (level 6, -4/56 HPs)
             Began as a Minotaur Monk on June 30, 2023.
             Slain by an orc
             ... wielding a +0 mace
              (6 damage)
             ... on level 4 of the Dungeon.
             The game lasted 00:01:01 (2210 turns).

Anon1729 the Trooper (Minotaur Monk)                Turns: 2210, Time: 00:01:02

Health: -4/56      AC:  9    Str: 16    XL:     6   Next: 49%
Magic:  6/7        EV:  9    Int:  7    God:
Gold:   107        SH:  0    Dex: 14    Spells: 5/5 levels left

rFire   . . .        h - +0 short sword (vamp)
rCold   . . .        d - orb {light}
rNeg    . . .        e - +0 chain mail
rPois   .            (helmet restricted)
rElec   .            (no cloak)
rCorr   .            (no gloves)
SInv    .            (no boots)
Will    .....        (no amulet) Stlth
                     (no ring)
HPRegen 0.29/turn    (no ring)
MPRegen 0.10/turn

%: no passive effects
@: glowing
A: horns 2, retaliatory headbutt
a: no special abilities


You were on level 4 of the Dungeon.
You visited 1 branch of the dungeon, and saw 4 of its levels.

You collected 107 gold pieces.

Inventory:

Hand Weapons
 a - a +0 short sword
 h - a +0 vampiric short sword (weapon)
Armour
 b - a +0 robe
 d - an orb of light (worn)
 e - a +0 chain mail (worn)
Wands
 k - a wand of mindburst (17)
Scrolls
 g - a scroll of identify {unknown}
 j - a scroll of poison {unknown}
Potions
 c - a potion of curing {unknown}
 f - a potion of heal wounds {unknown}
 i - a potion of haste {unknown}


   Skills:
 + Level 5.1 Fighting
 + Level 4.6 Short Blades
 + Level 3.3 Armour
 + Level 4.6 Dodging
 + Level 2.7 Invocations


You had 5 spell levels left.
You didn't know any spells.
Your spell library contained the following spells:

 Spells                   Type           Power      Damage    Failure   Level
 Magic Dart               Conj           0%         1d3       99%         1
 Call Imp                 Summ           0%         N/A       100%        2
 Searing Ray              Conj           0%         2d4       100%        2
 Mephitic Cloud           Conj/Pois/Air  0%         N/A       100%        3
 Fulminant Prism          Conj/Hex       0%         3d5       100%        4


Dungeon Overview and Level Annotations

Branches:
Dungeon (4/15)
 Temple: D:4-7

Altars:
Ashenzari
Nemelex Xobeh
Vehumet


Innate Abilities, Weirdness & Mutations

You have a pair of horns on your head.
You reflexively headbutt those who attack you in melee.


Message History

You hit the orc wizard but do no damage.
The orc wizard is almost dead.
You barely miss the orc wizard.
The orc wizard is almost dead.
The iguana misses you.
The orc wizard hits you but does no damage.
The kobold closely misses you. You furiously retaliate!
You headbutt the kobold.
You kill the kobold!
You hit the orc wizard.
You feel better.
You headbutt the orc wizard.
You kill the orc wizard!
The iguana barely misses you. The iguana bites you. The orc closely misses you.
There is a stone staircase leading up here.
Things that are here:
a +0 dagger; a +0 robe You hit the iguana but do no damage.
The iguana is almost dead.
The orc hits you with a +0 mace!
* * * LOW HITPOINT WARNING * * *
The iguana bites you.
* * * LOW HITPOINT WARNING * * *
You hit the iguana but do no damage.
The iguana is almost dead.
You completely miss the iguana.
The iguana is almost dead.
The iguana barely misses you. The orc closely misses you.
You hit the iguana but do no damage. You headbutt the iguana.
The iguana is almost dead.
The iguana bites you but does no damage.
The orc barely misses you.
You hit the iguana.
You kill the iguana!
The orc hits you but does no damage. The orc hits you with a +0 mace!
* * * LOW HITPOINT WARNING * * *
Things that are here:
a +0 short sword; an orc corpse The orc hits you with a +0 mace.
You die...

.~≈ .. ... ..
#.#
#.####.##### #
.........##..
#..........#
#.#.##.......#
#....<)@.....#
###.#.o......#
# ##########


You could see an orc.

Vanquished Creatures
  Grinder (D:3)
  An iguana (D:4)
  An orc wizard (D:4)
  5 adders
  A worm (D:3)
  3 dart slugs
  6 orcs
  9 ball pythons
  9 endoplasms
  4 giant cockroaches
  3 goblins
  7 hobgoblins
  3 jackals (D:1)
  2 quokkas (D:3)
  6 bats
  4 frilled lizards
  5 kobolds
  5 rats
75 creatures vanquished.

Notes
Turn   | Place    | Note
-------+----------+-------------------------------------------
     0 | D:1      | Anon1729 the Minotaur Monk began the quest for the Orb.
     0 | D:1      | Reached XP level 1. HP: 19/19 MP: 0/0
   135 | D:1      | Reached XP level 2. HP: 27/27 MP: 1/1
   239 | D:1      | Reached skill level 1 in Armour
   608 | D:1      | Reached skill level 1 in Invocations
   610 | D:1      | Reached skill level 4 in Fighting
   610 | D:1      | Reached XP level 3. HP: 27/33 MP: 2/2
   795 | D:2      | Found a faded altar of an unknown god.
  1061 | D:2      | Reached XP level 4. HP: 40/40 MP: 4/4
  1686 | D:3      | Found a radiant altar of Vehumet.
  1762 | D:3      | Noticed Grinder
  1790 | D:3      | Killed Grinder
  1791 | D:3      | Reached skill level 5 in Fighting
  1791 | D:3      | Reached XP level 5. HP: 8/48 MP: 5/5
  1791 | D:3      | Reached XP level 6. HP: 9/56 MP: 6/6
  1958 | D:3      | Found a broken altar of Ashenzari.
  2010 | D:3      | Found a sparkling altar of Nemelex Xobeh.
  2209 | D:4      | HP: 2/56 [orc/+0 mace (7)]
  2210 | D:4      | Slain by an orc

Illustrated notes

Levels and vault maps discovered:
D:1:      matt_arrival_diagonals, layout_basic
D:2:      layout_basic, ebering_ecumenical_altar_webs
D:3:      layout_loops_cross, old_standard_altar, fiery_altar_vehumet,
          mainiacjoe_overflow_alcove_4, uniq_grinder
D:4:      minmay_razor_zed, layout_loops_cross,
          mainiacjoe_overflow_catch_the_wave, minmay_temple_entry_overgrown,
          chequers_mini_garden

Skill      XL: |  1  2  3  4 |
---------------+-------------+-----
Armour         | 1 3 |  3.3
Invocations    | 1 2 |  2.7
Fighting       | 4 5 |  5.1
Short Blades   | 4 |  4.6
Dodging        | 4 |  4.6

Action                     |  1- 3 |  4- 6 || total
---------------------------+-------+-------++-------
  Melee: Short sword       |    98 |   103 ||   201
         Headbutt          |    28 |    28 ||    56
    Use: Potion            |       |     1 ||     1
 Armour: Chain mail        |    48 |    43 ||    91
  Dodge: Dodged            |    27 |    46 ||    73

Table legend: (Time is in decaauts)
 A = Elapsed time spent in this place.
 B = Non-inter-level travel time spent in this place.
 C = Inter-level travel time spent in this place.
 D = Time resting spent in this place.
 E = Time spent auto-exploring this place.
 F = Levels seen in this place.
 G = Mean time per level.
                   A        B        C        D        E       F      G
               +--------+--------+--------+--------+--------+-----+--------+
         Total |   2170 |   2137 |     33 |    157 |   1607 |   4 |  542.5 |
       Dungeon |   2170 |   2137 |     33 |    157 |   1607 |   4 |  542.5 |
               +--------+--------+--------+--------+--------+-----+--------+

Top non-repeatable levels by time:
     D:3: 894 daAuts
     D:1: 633 daAuts
     D:2: 616 daAuts
     D:4: 25 daAuts
